Map: Dusk Towers

Players

Miszu - Winner!

  • Race: Terran Terran
  • League: Master

ChefSegpa

  • Race: Terran Terran
  • League: Master

VOD

Have the link to the VOD?

Description

Time

  • Played on: April 5, 2016, 2:22 p.m.
  • Length: 11:33
Show
View Real Time Build Order
Export as new Build Order

Miszu Terran - Winner!

Build Orders: MMM Bio, Banshee Rush 

Get SALT Encoding   

  12  0:00  SCV  
  13  0:13  SCV  
  14  0:18  Supply Depot  
  14  0:25  SCV  
  15  0:30  Refinery  
  15  0:39  SCV  
  16  0:45  Barracks  
  16  0:51  SCV  
  16  0:55  Refinery  
  17  1:03  SCV  
  18  1:16  SCV  
  20  1:34  Factory  
  20  1:35  Reaper  
  20  1:38  Orbital Command  
  20  1:48  Supply Depot  
  20  2:07  Reaper, SCV  
  22  2:19  Hellion  
  24  2:24  SCV  
  25  2:37  SCV  
  26  2:39  Reaper  
  26  2:41  Hellion  
  29  2:49  SCV  
  30  2:55  Starport  
  30  2:57  Supply Depot  
  30  3:08  SCV  
  30  3:12  Barracks Tech Lab  
  31  3:19  Supply Depot, Hellion  
  33  3:20  SCV  
  33  3:32  SCV  
  34  3:41  Cloaking Field, Banshee  
  34  3:44  Barracks Reactor, Factory Tech Lab  
  34  3:46  SCV  
  38  3:58  SCV  
  38  4:02  Command Center  
  39  4:09  Siege Tank  
  42  4:10  SCV  
  42  4:16  Supply Depot  
  43  4:22  SCV  
  44  4:25  Banshee  
  47  4:38  Marine x2, SCV  
  50  4:52  SCV  
  51  4:59  Command Center  
  51  5:04  SCV  
  52  5:16  SCV  
  50  5:25  Orbital Command  
  50  5:28  SCV  
  51  5:39  Barracks Tech Lab  
  51  5:40  SCV  
  51  5:41  Starport Reactor  
  52  5:51  Barracks, SCV  
  52  5:53  Barracks, SCV  
  53  6:03  Marine, SCV  
  53  6:05  SCV  
  53  6:06  Stimpack  
  54  6:15  SCV  
  54  6:17  SCV, Orbital Command  
  53  6:21  Marine  
  54  6:27  Barracks, SCV  
  54  6:29  Engineering Bay, Refinery, Barracks, SCV  
  54  6:31  Refinery  
  56  6:37  Engineering Bay  
  56  6:39  Marauder, SCV, Combat Shields  
  59  6:41  SCV  
  59  6:46  Marine x3  
  62  6:47  Orbital Command  
  62  6:49  Medivac  
  62  6:51  SCV  
  62  6:52  Medivac  
  62  6:54  SCV  
  69  7:00  Siege Tank  
  72  7:04  SCV  
  72  7:05  Supply Depot  
  72  7:06  SCV  
  74  7:09  Terran Infantry Armor Level 1  
  74  7:11  Terran Infantry Weapons Level 1  
  74  7:13  SCV  
  75  7:16  SCV  
  75  7:18  SCV  
  75  7:21  Barracks Reactor x2  
  77  7:24  Marauder  
  77  7:25  SCV  
  77  7:26  Marauder  
  77  7:28  SCV  
  83  7:30  Supply Depot, SCV  
  83  7:32  Marine x2  
  86  7:37  SCV  
  86  7:40  SCV  
  86  7:42  SCV  
  89  7:45  Marine  
  89  7:48  Marauder  
  89  7:49  SCV  
  93  7:52  Supply Depot, Marine x2, SCV  
  93  7:54  Medivac x2, SCV, Armory  
  101  8:11  Supply Depot  
  101  8:12  Supply Depot  
  101  8:14  Supply Depot, Marine x5, Barracks Tech Lab, Marauder, SCV  
  101  8:17  Supply Depot  
  108  8:31  Marine  
  108  8:32  Marine, Barracks x3  
  108  8:33  Marauder  
  112  8:34  Refinery  
  112  8:35  Marine x3, Refinery  
  112  8:37  Marauder, Concussive Shells  
  112  8:38  Medivac x2  
  121  8:42  Supply Depot  
  121  8:46  Supply Depot  
  121  8:53  Marauder  
  121  8:54  Marine x2, Marauder  
  121  8:55  Marine  
  128  8:56  Marine  
  128  8:58  Marine  
  130  9:06  Supply Depot  
  130  9:08  Medivac x2  
  130  9:09  Supply Depot  
  126  9:21  Marauder, Command Center  
  116  9:24  Marine  
  116  9:25  Marine x7, Marauder  
  126  9:42  Marine, Marauder  
  126  9:43  Marine x2, Marauder  
  131  9:46  Marauder  
  133  9:52  Marine  
  133  9:53  Marine x2, Medivac  
  133  9:54  Medivac  
  140  10:00  Marine x3  
  140  10:01  Barracks Tech Lab  
  140  10:04  Marauder  
  140  10:05  Marauder  
  147  10:07  Marauder  
  138  10:22  Marauder  
  138  10:25  Marauder  
  138  10:26  Marauder  
  134  10:29  Marauder  
  134  10:34  Marine x6  
  130  10:44  Marauder  
  130  10:46  Marauder  
  130  10:48  Marauder  
  132  10:50  Marauder  
  132  10:51  Marine  
  132  10:52  Marine x3  
  132  10:54  Marine  
  132  10:55  Marine, Medivac x2  
  136  11:05  Marauder  
  136  11:07  Marine  
  136  11:08  Marine  
  136  11:09  Marine  
  136  11:10  Marine x3  
  142  11:11  Marine  
  142  11:12  Marine x2  
Show
View Real Time Build Order
Export as new Build Order

ChefSegpa Terran 

Build Orders: Mech 

Get SALT Encoding   

  12  0:01  SCV  
  13  0:13  SCV  
  14  0:17  Supply Depot  
  14  0:25  Refinery  
  14  0:41  Barracks  
  14  0:55  Barracks  
  14  0:59  SCV  
  15  1:11  SCV  
  17  1:28  Reaper  
  18  1:33  Orbital Command  
  17  1:40  Refinery  
  17  1:43  Reaper  
  18  1:59  SCV  
  20  2:01  Reaper  
  19  2:11  SCV  
  19  2:21  Reaper  
  20  2:23  SCV  
  21  2:33  Reaper  
  21  2:35  SCV  
  23  2:38  Supply Depot  
  22  2:47  SCV  
  23  2:59  Factory, Bunker  
  23  3:00  SCV  
  23  3:11  Reaper  
  23  3:12  SCV  
  25  3:21  Supply Depot  
  25  3:24  SCV  
  27  3:41  SCV  
  27  3:44  Starport  
  27  3:54  Command Center  
  27  3:58  Factory Tech Lab  
  27  3:59  SCV  
  28  4:04  Barracks Tech Lab  
  28  4:12  Engineering Bay  
  28  4:17  Cyclone  
  31  4:25  Viking  
  31  4:27  SCV  
  34  4:39  Missile Turret  
  34  4:41  SCV  
  35  4:52  Missile Turret  
  35  4:54  SCV  
  36  5:06  SCV  
  37  5:07  Factory  
  37  5:08  Factory  
  35  5:18  SCV  
  35  5:21  Orbital Command  
  36  5:29  Raven  
  36  5:30  SCV, Factory Reactor  
  40  5:42  SCV  
  40  5:47  SCV  
  41  5:52  Factory Tech Lab  
  41  5:53  Factory Reactor  
  41  5:55  SCV  
  41  6:06  SCV  
  41  6:12  Siege Tank  
  41  6:15  SCV  
  44  6:23  Infernal Pre-Igniter, SCV  
  45  6:27  SCV  
  45  6:29  Command Center  
  45  6:31  Hellion  
  45  6:32  Hellion  
  50  6:38  SCV  
  51  6:46  SCV  
  52  6:48  Refinery  
  52  6:49  Refinery  
  52  6:53  Supply Depot, SCV  
  53  6:58  SCV  
  54  7:02  Supply Depot  
  54  7:14  Medivac  
  54  7:15  Hellion, Siege Tank, SCV  
  62  7:19  Supply Depot  
  62  7:24  SCV  
  62  7:27  SCV, Armory  
  62  7:28  Hellion  
  66  7:32  Medivac  
  66  7:36  SCV  
  69  7:45  SCV  
  69  7:49  Siege Tank  
  69  7:50  Hellion x2  
  77  7:53  SCV  
  77  7:55  Medivac  
  80  8:00  SCV  
  79  8:19  SCV  
  80  8:21  SCV  
  80  8:24  Siege Tank x2  
  80  8:25  Hellion x2  
  80  8:27  Orbital Command  
  91  8:31  Viking  
  93  8:36  Viking  
  93  8:37  Supply Depot x2  
  93  8:40  SCV x2  
  97  8:45  Missile Turret  
  97  8:50  Missile Turret  
  97  8:52  SCV  
  98  8:57  SCV  
  99  9:05  SCV x2  
  99  9:06  Siege Tank x2  
  99  9:08  Hellion  
  109  9:10  SCV  
  106  9:17  SCV  
  106  9:19  SCV  
  102  9:31  Viking x2  
  102  9:37  SCV  
  110  9:38  Siege Tank x2  
  110  9:43  Refinery  
  110  9:44  Refinery, Hellion x2  
  117  9:57  Factory  
  117  9:58  Factory  
  117  10:00  Liberator  
  117  10:11  SCV  
  117  10:13  SCV x2  
  97  10:24  SCV  
  85  10:33  Hellion x2, Siege Tank x2, SCV x2  
  95  10:36  SCV  
  89  10:59  Hellion  
  85  11:05  Hellion  
  85  11:06  SCV  
  85  11:10  SCV  
Tags
 
Composition
MMM BioMech
Matchup
TvT
Race
Terran
Strategy
Banshee Rush
Add a new tag
Caveats
  • Supply blocks, unpowered buildings, or Contaminate may cause inaccurate times.
  • Supply counts are checked every 10 seconds.